 Dungeon Sprint DCSS version 0.17-a0-1831-gaadb308 (webtiles) character file.

96232 nuthulu the Hoplite (level 15, -7/190 HPs)
             Began as a Gargoyle Fighter on Sept 14, 2015.
             Was the Champion of Trog.
             Mangled by a vampire knight
             ... wielding a cursed -2 battleaxe
              (12 damage)
             ... in the Dungeon (Sprint III: "The Ten Rune Challenge").
             The game lasted 00:34:08 (8772 turns).

nuthulu the Hoplite (Gargoyle Fighter)              Turns: 8772, Time: 00:34:08

Health: -7/190     AC: 44    Str: 26 (29) XL:     15   Next: 25%
Magic:  7/15       EV: 10    Int: 10      God:    Trog [******]
Gold:   11439      SH: 26    Dex: 16      Spells: 0 memorised, 14 levels left

rFire  + . .     SeeInvis .     w - +2 eveningstar (protect)
rCold  . . .     Clarity  +     c - +3 plate armour {rF+}
rNeg   + . .     SustAt   .     F - +1 large shield "Hofaum" {rElec rPois Str+4}
rPois  ∞         Gourm    .     e - +1 hat
rElec  +         Spirit   .     L - +0 cloak
rCorr  .         Warding  .     K - +0 pair of gloves
rMut   .         NoTele   +     (no boots)
MR     +++..                    I - amulet of clarity
Stlth  ..........               (no ring)
                                J - +2 ring of evasion

@: berserking (expiring), flying, regenerating, very quick, extremely resistant
to hostile enchantments, extremely unstealthy
A: big wings, agile 1, negative energy resistance 1, robust 1, electricity
resistance, unbreathing, petrification resistance, rot immunity, AC +11
a: Stop Flying, Burn Spellbooks, Berserk, Trog's Hand, Brothers in Arms,
Renounce Religion
}: 2/10 runes: decaying, barnacled


You were in the Dungeon.
You worshipped Trog.
Trog was exalted by your worship.
You were not hungry.

You visited 1 branch You collected 12708 gold pieces.
You spent 1269 gold pieces at shops.

Inventory:

Hand weapons
 a - a +0 flail
 f - a +1 antimagic morningstar
 p - a +7 vampiric demon whip
 t - a +0 eveningstar of holy wrath
 v - a +3 antimagic flail
 w - a +2 eveningstar of protection (weapon)
 A - a +3 antimagic morningstar
 G - a +2 antimagic flail
 H - a +3 flail of venom
 M - the +9 mace of Instinct {drain, MR+ Dex+4}
   (You found it in the Dungeon)

   A truly terrible weapon, it drains the life of those it strikes.
   It affects your dexterity (+4).
   It affects your resistance to hostile enchantments.
 N - the +8 whip "Snakebite" {curare, rPois}
   (You found it in the Dungeon)

   It poisons the flesh of those it strikes.
   It protects you from poison.
 O - a +3 antimagic flail
 P - a +4 flail of holy wrath
Missiles
 d - 8 throwing nets (quivered)
 y - 4 poisoned javelins
Armour
 c - a +3 plate armour of fire resistance (worn)
 e - a +1 hat (worn)
 x - a +0 plate armour
 F - the +1 large shield "Hofaum" (worn) {rElec rPois Str+4}
   (You acquired it in the Dungeon)

   It affects your strength (+4).
   It insulates you from electricity.
   It protects you from poison.
 K - a +0 pair of gloves (worn)
 L - a +0 cloak (worn)
Jewellery
 B - an uncursed ring of ice
 I - an amulet of clarity (around neck)
 J - a +2 ring of evasion (left hand)
Magical devices
 b - a wand of fire (9)
 h - a wand of digging (14)
 l - a wand of flame (25)
 E - a wand of flame (24)
Scrolls
 m - 3 scrolls of torment
 n - 7 scrolls of identify
 r - a scroll of holy word
 s - a scroll of remove curse
 C - a scroll of fear
 D - a scroll of immolation
Potions
 g - a potion of cancellation
 i - 3 potions of magic
 j - 3 potions of might
 q - 3 potions of agility
 u - 2 potions of haste
 z - a potion of curing
Comestibles
 k - 8 fruits
 o - 12 royal jellies


   Skills:
 + Level 22.0 Fighting
 + Level 20.4 Maces & Flails
 + Level 22.0 Armour
 + Level 22.1 Shields


You had 14 spell levels left.
You didn't know any spells.

Dungeon Overview and Level Annotations

Branches:
Dungeon (1/1)

Altars:
Cheibriados
Dithmenos
Elyvilon
Fedhas
Gozag
Kikubaaqudgha
Makhleb
Nemelex Xobeh
Okawaru
Qazlal
Ru
Sif Muna
Trog
Vehumet
Xom
Yredelemnul
Zin
The Shining One
Jiyva
Lugonu

Shops:
D (=%}?(}![}*?*(%:=%(

Annotations:
D Mara


Innate Abilities, Weirdness & Mutations

You are resistant to torment.
Your stone body is resilient (AC +11).
You are immune to poison.
Your large and strong wings let you fly indefinitely.
You resist negative energy.
You are resistant to electric shocks.
You can survive without breathing.
You are immune to petrification.
You are immune to rotting.
You are agile. (Dex +2)
You are robust (+10% HP).


Message History

Mara blinks!
You hear some strange, mumbled words.
Unknown command.
You feel a strong urge to attack something.
You block nuthulu's illusion's attack.
Your troll bites nuthulu's illusion but does no damage.
Your troll closely misses nuthulu's illusion.
Your troll claws nuthulu's illusion but does no damage.
You block Mara's attack. Something hits you but does no damage.
You block its attack.
You impale Mara!!
Mara is moderately wounded.
Unknown command.
You closely miss Mara.
Mara is moderately wounded.
Your troll barely misses nuthulu's illusion.
Your troll claws nuthulu's illusion!
Your troll claws nuthulu's illusion but does no damage.
Nuthulu's illusion barely misses you. Something hits you!
You die...

≈≈≈≈≈≈(.∩▓#.§§....§§#.8..8.#.....
≈≈≈≈≈≈≈.∩▓#########§#§.....######
≈≈≈≈≈≈≈.∩▓#.#.#.#§#.§§.....#)))).
≈≈≈≈≈≈..)▓#........§§§.....#.####
▓▓▓▓▓▓▓▓▓▓#......§.§.......#...'.
**********###'##############...#.
,,,≈,*,,,*##...##,*≈≈≈≈§≈#######.
,,,,≈*,,,##....R##+*.≈≈P≈#.#.^...
,,,,,*+**#......@###...P≈#.▓÷▓▓▓▓
,,,,,+,,,+..R.R{{@T.)......▓^^#..
,,,,,*+**#.......#####.P≈#.▓^.#..
,,,,≈*≈≈≈##.....##,,,**,§#.▓^.#^.
,,,≈,*+*+*##...##*,*,,**+*#▓..#.^
++****,*,* ##+##**,**,**,,,▓..#..
,,,,,*+*****,≈≈≈+*,**,****,▓.^#..
****,*,,+∩∩*,≈≈,*,,**,,,,,,▓..#..
* **,****∩∩*,≈≈,*******+***▓.^#..


You could see 3 Maras, nuthulu's illusion and a friendly troll (berserk).

Vanquished Creatures
  Frederick (D)
  2 liches (D)
  Rupert (D)
  Polyphemus (D)
  Gastronok (D)
  Chuck (D)
  2 sphinxes (D)
  2 shadow dragons (D)
  Ilsuiw (D)
  Azrael (D)
  A dire elephant (D)
  A yaktaur captain (D)
  A merfolk javelineer (D)
  2 mummy priests (D)
  A fire dragon (D)
  3 hydras (D)
  2 ice dragons (D)
  2 centaur warriors (D)
  4 dancing weapons (D)
  An ogre mage (D)
  4 death yaks (D)
  An iron golem (D)
  2 deep elf knights (D)
  2 skeletal warriors (D)
  A death drake (D)
  A sea snake (D)
  A spriggan druid (D)
  4 hell knights (D)
  A deep elf summoner (D)
  An obsidian statue (D)
  Joseph (D)
  A deep elf conjurer (D)
  A lindwurm (D)
  4 crystal guardians (D)
  6 ugly things (D)
  A hornet (shapeshifter) (D)
  An elephant (shapeshifter) (D)
  A water nymph (shapeshifter) (D)
  An elephant (D)
  2 black mambas (D)
  4 statues (D)
  4 yaktaurs (D)
  An orange crystal statue (D)
  A molten gargoyle (D)
  A komodo dragon (shapeshifter) (D)
  2 spiny frogs (D)
  A komodo dragon (D)
  3 wandering mushrooms (D)
  2 deep elf priests (D)
  2 guardian mummies (D)
  A fire drake (D)
  4 spriggan defenders (D)
  A queen bee (D)
  8 blink frogs (D)
  3 orc high priests (D)
  3 slime creatures (D)
  A shadow (D)
  4 redbacks (D)
  2 spriggans (D)
  2 trapdoor spiders (D)
  A yak (shapeshifter) (D)
  2 hill giants (D)
  A spatial vortex (D)
  A hydra simulacrum (D)
  A swamp drake (D)
  A fire dragon simulacrum (D)
  4 orc warriors (D)
  A tengu (shapeshifter) (D)
  A necrophage (D)
  2 brain worms (D)
  2 two-headed ogres (D)
  A water elemental (D)
  32 killer bees (D)
  A jelly (D)
  6 orc priests (D)
  An orc wizard (D)
  Jessica (D)
  2 necromancers (D)
  A polar bear simulacrum (D)
  2 wolf simulacra (D)
  3 sheep (D)
  A wizard (D)
  3 humans (D)
  A kobold demonologist (D)
  A swamp drake simulacrum (D)
  An ooze (D)
  A phantom (D)
  8 orcs (D)
  A rat (D)
  2 plants (D)
204 creatures vanquished.

Vanquished Creatures (collateral kills)
  Harold (D)
  Maud (D)
  A dire elephant (D)
  An ice dragon (D)
  An elephant (D)
  A two-headed ogre (D)
  A swamp drake simulacrum (D)
7 creatures vanquished.

Vanquished Creatures (others)
  2 draconian scorchers (D)
  Erolcha (D)
  A ball lightning (D)
  3 yaktaurs (D)
  An electric eel (D)
  A giant eyeball (D)
  A bush (D)
  10 plants (D)
20 creatures vanquished.

Grand Total: 231 creatures vanquished

Notes
Turn   | Place    | Note
--------------------------------------------------------------
     0 | D        | nuthulu the Gargoyle Fighter began the quest for the Orb.
     0 | D        | Reached XP level 1. HP: 14/14 MP: 1/1
    80 | D        | Noticed Jessica
    82 | D        | Killed a yaktaur
    83 | D        | Killed Jessica
    83 | D        | Reached skill level 4 in Fighting
    83 | D        | Reached XP level 2. HP: 13/20 MP: 2/2
    83 | D        | Reached XP level 3. HP: 15/24 MP: 3/3
   164 | D        | Killed a white draconian scorcher
   238 | D        | Reached skill level 5 in Fighting
   238 | D        | Reached skill level 5 in Armour
   238 | D        | Reached skill level 5 in Shields
   258 | D        | Killed a white draconian scorcher
   493 | D        | Gained mutation: Your muscles are strong. (Str +2) [potion of mutation]
   493 | D        | Gained mutation: You tend to lose your temper in combat. [potion of mutation]
   493 | D        | Gained mutation: You are partially covered in icy blue scales (AC +1). [potion of mutation]
   494 | D        | Lost mutation: You tend to lose your temper in combat. [potion of cure mutation]
   494 | D        | Lost mutation: Your muscles are strong. (Str +2) [potion of cure mutation]
   494 | D        | Lost mutation: You are partially covered in icy blue scales (AC +1). [potion of cure mutation]
   495 | D        | Gained mutation: Your magical capacity is low (-10% MP). [potion of mutation]
   495 | D        | Gained mutation: You have large cloven feet. [potion of mutation]
   495 | D        | Gained mutation: Your body sometimes deteriorates upon taking damage. [potion of mutation]
   496 | D        | Gained mutation: You are robust (+10% HP). [potion of mutation]
   496 | D        | Gained mutation: You are surrounded by a mild repulsion field (EV +2). [potion of mutation]
   497 | D        | Lost mutation: Your magical capacity is low (-10% MP). [potion of cure mutation]
   497 | D        | Lost mutation: You have large cloven feet. [potion of cure mutation]
   497 | D        | Lost mutation: Your body sometimes deteriorates upon taking damage. [potion of cure mutation]
   497 | D        | Lost mutation: You are surrounded by a mild repulsion field (EV +2). [potion of cure mutation]
   542 | D        | Noticed a water elemental
   548 | D        | Killed a water elemental
   548 | D        | Reached skill level 6 in Armour
   548 | D        | Reached XP level 4. HP: 35/35 MP: 4/4
   597 | D        | Found an iron altar of Okawaru.
   597 | D        | Found a bloodstained altar of Trog.
   597 | D        | Noticed a human
   599 | D        | Noticed a human
   607 | D        | Killed a human
   607 | D        | Reached skill level 7 in Fighting
   607 | D        | Reached XP level 5. HP: 19/41 MP: 5/5
   607 | D        | Reached XP level 6. HP: 22/48 MP: 6/6
   630 | D        | Killed a human
   630 | D        | Reached skill level 8 in Fighting
   754 | D        | Became a worshipper of Trog the Wrathful
   823 | D        | Found a radiant altar of Vehumet.
   823 | D        | Found a deep blue altar of Sif Muna.
   823 | D        | Found an ancient bone altar of Kikubaaqudgha.
   823 | D        | Noticed a wizard
   825 | D        | Acquired Trog's first power
   827 | D        | Killed a wizard
   832 | D        | Acquired Trog's second power
   887 | D        | Found a glowing silver altar of Zin.
   887 | D        | Found a glowing golden altar of the Shining One.
   887 | D        | Found a white marble altar of Elyvilon.
   888 | D        | Noticed a deep elf priest
   893 | D        | Killed a deep elf priest
   893 | D        | Reached skill level 9 in Fighting
   893 | D        | Reached XP level 7. HP: 50/56 MP: 7/7
  1001 | D        | Found a basalt altar of Yredelemnul.
  1001 | D        | Found a snail-covered altar of Cheibriados.
  1001 | D        | Found a blossoming altar of Fedhas.
  1001 | D        | Noticed a necrophage
  1001 | D        | Noticed a necromancer
  1007 | D        | Killed a necrophage
  1009 | D        | Killed a necromancer
  1024 | D        | Noticed a jelly
  1036 | D        | Killed a jelly
  1036 | D        | Acquired Trog's third power
  1057 | D        | Noticed a shadow
  1066 | D        | Killed a shadow
  1066 | D        | Reached skill level 10 in Fighting
  1066 | D        | Reached skill level 10 in Armour
  1066 | D        | Reached skill level 10 in Shields
  1066 | D        | Reached XP level 8. HP: 34/62 MP: 8/8
  1084 | D        | Found a stormy altar of Qazlal.
  1085 | D        | Found a sacrificial altar of Ru.
  1085 | D        | Found a burning altar of Makhleb.
  1085 | D        | Found a viscous altar of Jiyva.
  1085 | D        | Found a shimmering altar of Xom.
  1085 | D        | Found a shadowy altar of Dithmenos.
  1085 | D        | Found a sparkling altar of Nemelex Xobeh.
  1085 | D        | Found a corrupted altar of Lugonu.
  1085 | D        | Found an opulent altar of Gozag.
  1085 | D        | Noticed a spatial vortex
  1096 | D        | Killed a spatial vortex
  1110 | D        | Noticed a two-headed ogre
  1110 | D        | Noticed a two-headed ogre
  1121 | D        | Killed a two-headed ogre
  1126 | D        | Killed a two-headed ogre
  1135 | D        | Noticed a two-headed ogre
  1143 | D        | Killed a two-headed ogre
  1166 | D        | Killed a yaktaur
  1266 | D        | Noticed a hill giant
  1274 | D        | Killed a hill giant
  1331 | D        | Noticed a hill giant
  1331 | D        | Noticed Erolcha
  1335 | D        | Paralysed by something for 3 turns
  1341 | D        | Killed Erolcha
  1341 | D        | Reached skill level 11 in Fighting
  1341 | D        | Reached skill level 10 in Maces & Flails
  1341 | D        | Reached XP level 9. HP: 70/70 MP: 9/9
  1342 | D        | Noticed a redback
  1363 | D        | Killed a redback
  1376 | D        | Killed a hill giant
  1443 | D        | Noticed a trapdoor spider
  1458 | D        | Killed a trapdoor spider
  1566 | D        | Noticed a trapdoor spider
  1568 | D        | Killed a trapdoor spider
  1568 | D        | Reached skill level 12 in Fighting
  1635 | D        | Noticed a wandering mushroom
  1640 | D        | Noticed a wandering mushroom
  1642 | D        | Noticed a wandering mushroom
  1673 | D        | Killed a wandering mushroom
  1753 | D        | Killed a wandering mushroom
  1769 | D        | Killed a wandering mushroom
  1939 | D        | Noticed a killer bee
  1939 | D        | Noticed a killer bee
  1939 | D        | Noticed a killer bee
  1939 | D        | Noticed a killer bee
  1939 | D        | Noticed a killer bee
  1939 | D        | Noticed a killer bee
  1939 | D        | Noticed a queen bee
  1939 | D        | Noticed a killer bee
  1939 | D        | Noticed a killer bee
  1939 | D        | Noticed a killer bee
  1939 | D        | Noticed a killer bee
  1939 | D        | Noticed a killer bee
  1939 | D        | Noticed a killer bee
  1939 | D        | Noticed a killer bee
  1939 | D        | Noticed a killer bee
  1940 | D        | Noticed a killer bee
  1940 | D        | Noticed a killer bee
  1941 | D        | Noticed a killer bee
  1941 | D        | Noticed a killer bee
  1942 | D        | Noticed a killer bee
  1946 | D        | Noticed a killer bee
  1946 | D        | Killed a killer bee
  1947 | D        | Noticed a killer bee
  1948 | D        | Noticed a killer bee
  1949 | D        | Noticed a killer bee
  1950 | D        | Noticed a killer bee
  1952 | D        | Noticed a killer bee
  1954 | D        | Killed a killer bee
  1955 | D        | Noticed a killer bee
  1960 | D        | Noticed a killer bee
  1961 | D        | Noticed a killer bee
  1969 | D        | Killed a killer bee
  1969 | D        | Reached XP level 10. HP: 79/79 MP: 10/10
  1971 | D        | Noticed a killer bee
  1972 | D        | Noticed a killer bee
  1973 | D        | Noticed a killer bee
  1982 | D        | Killed a killer bee
  1983 | D        | Killed a killer bee
  1992 | D        | Killed a killer bee
  1993 | D        | Noticed a killer bee
  1997 | D        | Killed a killer bee
  2001 | D        | Killed a killer bee
  2020 | D        | Killed a killer bee
  2020 | D        | Received a gift from Trog
  2028 | D        | Killed a killer bee
  2030 | D        | Killed a killer bee
  2032 | D        | Killed a killer bee
  2037 | D        | Killed a killer bee
  2038 | D        | Killed a killer bee
  2039 | D        | Killed a killer bee
  2042 | D        | Killed a killer bee
  2047 | D        | Killed a killer bee
  2048 | D        | Killed a killer bee
  2048 | D        | Reached skill level 13 in Armour
  2051 | D        | Killed a killer bee
  2051 | D        | Received a gift from Trog
  2053 | D        | Killed a killer bee
  2054 | D        | Killed a killer bee
  2058 | D        | Killed a killer bee
  2061 | D        | Killed a killer bee
  2063 | D        | Killed a killer bee
  2064 | D        | Killed a killer bee
  2070 | D        | Killed a killer bee
  2072 | D        | Killed a killer bee
  2072 | D        | Received a gift from Trog
  2079 | D        | Killed a killer bee
  2085 | D        | Killed a killer bee
  2094 | D        | Killed a killer bee
  2096 | D        | Killed a killer bee
  2098 | D        | Killed a killer bee
  2108 | D        | Killed a queen bee
  2254 | D        | Noticed a spiny frog
  2254 | D        | Noticed a komodo dragon
  2254 | D        | Noticed a spiny frog
  2257 | D        | Killed a spiny frog
  2257 | D        | Received a gift from Trog
  2265 | D        | Killed a spiny frog
  2268 | D        | Killed a komodo dragon
  2329 | D        | Noticed a swamp drake
  2329 | D        | Noticed a fire drake
  2336 | D        | Killed a swamp drake
  2341 | D        | Killed a fire drake
  2422 | D        | Noticed a redback
  2426 | D        | Killed a redback
  2426 | D        | Received a gift from Trog
  2426 | D        | Reached skill level 14 in Shields
  2431 | D        | Noticed a brain worm
  2434 | D        | Killed a brain worm
  2439 | D        | Noticed a brain worm
  2442 | D        | Killed a brain worm
  2448 | D        | Noticed a lindwurm
  2453 | D        | Noticed a redback
  2455 | D        | Killed a lindwurm
  2455 | D        | Reached XP level 11. HP: 71/88 MP: 3/11
  2460 | D        | Killed a redback
  2482 | D        | Noticed a redback
  2486 | D        | Killed a redback
  2487 | D        | Noticed Maud
  2496 | D        | Killed Maud
  2496 | D        | Received a gift from Trog
  2570 | D        | Noticed an electric eel
  2605 | D        | Noticed a blink frog
  2605 | D        | Noticed a blink frog
  2605 | D        | Noticed a blink frog
  2618 | D        | Killed a blink frog
  2630 | D        | Killed a blink frog
  2649 | D        | Killed a blink frog
  2710 | D        | Noticed a blink frog
  2712 | D        | Noticed a blink frog
  2721 | D        | Killed a blink frog
  2739 | D        | Killed a blink frog
  2752 | D        | Noticed Rupert
  2769 | D        | Killed Rupert
  2769 | D        | Reached skill level 15 in Fighting
  2769 | D        | Reached skill level 15 in Armour
  2769 | D        | Reached skill level 15 in Shields
  2869 | D        | Noticed a death yak
  2870 | D        | Noticed a death yak
  2870 | D        | Noticed a blink frog
  2870 | D        | Killed an electric eel
  2872 | D        | Noticed a death yak
  2873 | D        | Noticed a blink frog
  2877 | D        | Killed a death yak
  2883 | D        | Killed a death yak
  2885 | D        | Noticed a death yak
  2890 | D        | Killed a blink frog
  2890 | D        | Received a gift from Trog
  2893 | D        | Noticed a black mamba
  2895 | D        | Noticed a black mamba
  2900 | D        | Noticed a blink frog
  2908 | D        | Killed a death yak
  2927 | D        | Killed a black mamba
  2937 | D        | Killed a death yak
  2937 | D        | Reached skill level 16 in Armour
  2937 | D        | Reached XP level 12. HP: 94/96 MP: 12/12
  2941 | D        | Killed a blink frog
  2956 | D        | Killed a blink frog
  2962 | D        | Killed a black mamba
  2962 | D        | Received a gift from Trog
  2990 | D        | Noticed an azure jelly
  2990 | D        | Noticed an azure jelly
  3073 | D        | Noticed a five-headed hydra
  3073 | D        | Noticed a four-headed hydra
  3083 | D        | Killed a five-headed hydra
  3083 | D        | Received a gift from Trog
  3083 | D        | Reached skill level 15 in Maces & Flails
  3085 | D        | Killed a four-headed hydra
  3087 | D        | Noticed a death drake
  3109 | D        | Killed a death drake
  3144 | D        | Noticed Polyphemus
  3180 | D        | Killed Polyphemus
  3180 | D        | Received a gift from Trog
  3382 | D        | Noticed an azure jelly
  3382 | D        | Noticed an azure jelly
  3397 | D        | Noticed an ice dragon
  3405 | D        | Killed an ice dragon
  3405 | D        | Reached skill level 17 in Shields
  3590 | D        | Noticed an elephant
  3590 | D        | Noticed an elephant
  3590 | D        | Noticed a dire elephant
  3590 | D        | Noticed a dire elephant
  3590 | D        | Noticed Gastronok
  3595 | D        | Killed a dire elephant
  3597 | D        | Killed an elephant
  3613 | D        | Killed an elephant
  3617 | D        | Killed a dire elephant
  3623 | D        | Killed Gastronok
  3633 | D        | Killed a yaktaur
  3755 | D        | Gained mutation: Your large and strong wings let you fly indefinitely. [potion of beneficial mutation]
  3835 | D        | Noticed Ilsuiw
  4009 | D        | Killed Ilsuiw
  4009 | D        | Received a gift from Trog
  4107 | D        | Found Poam's Magic Scroll Emporium.
  4107 | D        | Found Hiwkaoc's Antique Weapon Shop.
  4107 | D        | Found Vekoseh's Gadget Shoppe.
  4107 | D        | Noticed a sea snake
  4108 | D        | Noticed a merfolk javelineer
  4128 | D        | Killed a merfolk javelineer
  4128 | D        | Reached XP level 13. HP: 59/105 MP: 6/13
  4145 | D        | Killed a sea snake
  4174 | D        | Got a barnacled rune of Zot
  4442 | D        | Noticed an ice dragon
  4461 | D        | Killed an ice dragon
  4481 | D        | Noticed an ice dragon
  4498 | D        | Killed an ice dragon
  4498 | D        | Reached skill level 18 in Shields
  4528 | D        | Found Ciqo's Antique Weapon Shoppe.
  4528 | D        | Found Jakilie's Jewellery Boutique.
  4528 | D        | Found Teram's Food Emporium.
  4618 | D        | Noticed an eight-headed hydra
  4618 | D        | Noticed an eight-headed hydra simulacrum
  4624 | D        | Killed an eight-headed hydra
  4624 | D        | Received a gift from Trog
  4629 | D        | Killed an eight-headed hydra simulacrum
  4658 | D        | Got a decaying rune of Zot
  4837 | D        | Noticed a fire dragon simulacrum
  4837 | D        | Noticed a wolf simulacrum
  4838 | D        | Noticed a polar bear simulacrum
  4844 | D        | Noticed a wolf simulacrum
  4845 | D        | Killed a wolf simulacrum
  4849 | D        | Killed a fire dragon simulacrum
  4852 | D        | Killed a wolf simulacrum
  4853 | D        | Killed a polar bear simulacrum
  4860 | D        | Gained mutation: You are agile. (Dex +2) [potion of beneficial mutation]
  5191 | D        | Found a blossoming altar of Fedhas.
  5191 | D        | Noticed a spriggan
  5191 | D        | Noticed a spriggan druid
  5191 | D        | Noticed a spriggan
  5197 | D        | Killed a spriggan
  5202 | D        | Killed a spriggan druid
  5210 | D        | Killed a spriggan
  5210 | D        | Received a gift from Trog
  5285 | D        | Noticed Joseph
  5287 | D        | Noticed Harold
  5289 | D        | Killed Harold
  5293 | D        | Killed Joseph
  5299 | D        | Noticed an orc high priest
  5299 | D        | Noticed an orc priest
  5300 | D        | Noticed an orc high priest
  5318 | D        | Noticed an orc priest
  5337 | D        | Killed an orc priest
  5347 | D        | Killed an orc high priest
  5355 | D        | Killed an orc high priest
  5355 | D        | Received a gift from Trog
  5358 | D        | Killed an orc priest
  5360 | D        | Noticed a yaktaur
  5470 | D        | Noticed a yaktaur
  5470 | D        | Paralysed by a giant eyeball for 4 turns
  5481 | D        | Noticed a skeletal warrior
  5493 | D        | Killed a skeletal warrior
  5537 | D        | Noticed an orange crystal statue
  5548 | D        | Killed an orange crystal statue
  5554 | D        | Noticed a spriggan defender
  5555 | D        | Noticed a spriggan defender
  5555 | D        | Noticed a spriggan defender
  5555 | D        | Noticed a spriggan defender
  5567 | D        | Killed a spriggan defender
  5577 | D        | Killed a spriggan defender
  5583 | D        | Killed a spriggan defender
  5594 | D        | Killed a spriggan defender
  5639 | D        | Noticed a yaktaur
  5640 | D        | Noticed a yaktaur
  5642 | D        | Killed a yaktaur
  5731 | D        | Killed a yaktaur
  5766 | D        | Killed a yaktaur
  5773 | D        | Killed a yaktaur
  5789 | D        | Noticed Azrael
  5803 | D        | Killed Azrael
  5843 | D        | Got a warped large shield
  5854 | D        | Identified the +1 large shield "Hofaum" {rElec rPois Str+4} (You acquired it in the Dungeon)
  5969 | D        | Found Iluadoli's Gadget Shoppe.
  5969 | D        | Noticed an orc warrior
  5969 | D        | Noticed an orc priest
  5970 | D        | Noticed an orc warrior
  5970 | D        | Noticed an orc warrior
  5970 | D        | Noticed an orc warrior
  5970 | D        | Noticed an orc high priest
  5970 | D        | Noticed an orc wizard
  5970 | D        | Noticed an orc priest
  5970 | D        | Noticed an orc priest
  5970 | D        | Noticed an orc priest
  5974 | D        | Killed an orc warrior
  5974 | D        | Received a gift from Trog
  5975 | D        | Killed an orc priest
  5979 | D        | Killed an orc high priest
  5991 | D        | Killed an orc warrior
  5991 | D        | Reached skill level 19 in Shields
  6000 | D        | Killed an orc warrior
  6000 | D        | Received a gift from Trog
  6005 | D        | Killed an orc wizard
  6021 | D        | Killed an orc priest
  6022 | D        | Killed an orc priest
  6024 | D        | Killed an orc warrior
  6028 | D        | Killed an orc priest
  6033 | D        | Received a gift from Trog
  6235 | D        | Found Tejiok's Food Shop.
  6235 | D        | Found Webbaveq's Antique Weapon Shoppe.
  6235 | D        | Found Deitzin's Assorted Antiques.
  6235 | D        | Found Ekkyohim's General Store.
  6235 | D        | Found Qusoofih's Antique Weapon Emporium.
  6235 | D        | Found Daerr's Food Shop.
  6235 | D        | Found Amakapae's Magic Scroll Boutique.
  6235 | D        | Found Semothru's Gadget Shoppe.
  6235 | D        | Found Ilukk's Jewellery Emporium.
  6235 | D        | Found Goysop Ciry's Antique Armour Shop.
  6235 | D        | Found Sesed's Book Boutique.
  6235 | D        | Found Wudy's Distillery.
  6267 | D        | Bought an uncursed amulet of clarity for 240 gold pieces
  6272 | D        | Bought a notched peridot ring for 115 gold pieces
  6274 | D        | Bought a scroll of magic mapping for 42 gold pieces
  6277 | D        | Bought a pair of gloves for 108 gold pieces
  6277 | D        | Bought a cloak for 108 gold pieces
  6290 | D        | Bought a runed plate armour for 552 gold pieces
  6301 | D        | Bought a potion of might for 52 gold pieces
  6301 | D        | Bought a potion of might for 52 gold pieces
  6348 | D        | Noticed a brown ugly thing
  6348 | D        | Noticed a white ugly thing
  6354 | D        | Killed a white ugly thing
  6358 | D        | Killed a brown ugly thing
  6373 | D        | Noticed a lindwurm
  6373 | D        | Noticed an elephant
  6374 | D        | Noticed a centaur warrior
  6378 | D        | an elephant changed into a komodo dragon
  6390 | D        | Killed a centaur warrior
  6405 | D        | Noticed a centaur warrior
  6411 | D        | Killed a centaur warrior
  6411 | D        | Received a gift from Trog
  6422 | D        | Noticed a red ugly thing
  6433 | D        | Killed a red ugly thing
  6435 | D        | Noticed a fire dragon
  6446 | D        | Killed a fire dragon
  6454 | D        | Noticed a flail of crushing
  6454 | D        | Noticed a mace of venom
  6455 | D        | Noticed a trident of venom
  6462 | D        | Killed a flail of crushing
  6463 | D        | Noticed a dire flail of protection
  6471 | D        | Killed a mace of venom
  6475 | D        | Killed a dire flail of protection
  6475 | D        | Mutation became permanent: Your large and strong wings let you fly indefinitely. [Gargoyle growth]
  6475 | D        | Reached XP level 14. HP: 94/116 MP: 14/14
  6478 | D        | Killed a trident of venom
  6487 | D        | Got a dazzling mace
  6490 | D        | Identified the +9 mace of Instinct {drain, MR+ Dex+4} (You found it in the Dungeon)
  6561 | D        | Noticed a cyclops
  6562 | D        | Noticed a slime creature
  6565 | D        | a cyclops changed into a boulder beetle
  6572 | D        | Killed a slime creature
  6583 | D        | Received a gift from Trog
  6709 | D        | Noticed a yaktaur captain
  6709 | D        | Noticed a brown ugly thing
  6709 | D        | Noticed a white ugly thing
  6709 | D        | Noticed a green ugly thing
  6710 | D        | Noticed a slime creature
  6730 | D        | Killed a brown ugly thing
  6733 | D        | Killed a white ugly thing
  6738 | D        | Killed a slime creature
  6746 | D        | Killed a green ugly thing
  6758 | D        | Killed a yaktaur captain
  6863 | D        | Noticed a mana viper
  6863 | D        | a mana viper changed into a manticore
  6936 | D        | Noticed a redback
  6937 | D        | Noticed Chuck
  6948 | D        | a redback changed into a mana viper
  6957 | D        | Killed Chuck
  6957 | D        | Reached skill level 20 in Armour
  7056 | D        | Noticed a slime creature
  7064 | D        | Killed a slime creature
  7064 | D        | Received a gift from Trog
  7075 | D        | Noticed Frederick
  7090 | D        | Killed Frederick
  7165 | D        | Noticed a lich
  7173 | D        | Killed a lich
  7181 | D        | Noticed a shadow dragon
  7181 | D        | Noticed an ogre mage
  7181 | D        | Noticed a shadow dragon
  7219 | D        | Killed a shadow dragon
  7228 | D        | Killed a shadow dragon
  7237 | D        | Killed an ogre mage
  7237 | D        | Received a gift from Trog
  7351 | D        | Noticed an obsidian statue
  7360 | D        | Killed an obsidian statue
  7469 | D        | Noticed a crystal guardian
  7469 | D        | Noticed a crystal guardian
  7469 | D        | Noticed a crystal guardian
  7469 | D        | Noticed a crystal guardian
  7476 | D        | Killed a crystal guardian
  7481 | D        | Killed a crystal guardian
  7491 | D        | Killed a crystal guardian
  7544 | D        | Noticed a fire elementalist statue
  7558 | D        | Killed a crystal guardian
  7558 | D        | Reached skill level 21 in Armour
  7560 | D        | Noticed an earth elementalist statue
  7641 | D        | Noticed a skeletal warrior
  7649 | D        | Noticed an iron golem
  7652 | D        | Killed a skeletal warrior
  7673 | D        | Killed an iron golem
  7678 | D        | Noticed a necromancer
  7689 | D        | Killed a necromancer
  7689 | D        | Received a gift from Trog
  7780 | D        | Noticed a hell knight
  7780 | D        | Noticed a hell knight
  7784 | D        | Noticed a hell knight
  7788 | D        | Killed a hell knight
  7788 | D        | Received a gift from Trog
  7797 | D        | Noticed a hell knight
  7797 | D        | Killed a hell knight
  7799 | D        | Killed a hell knight
  7806 | D        | Killed a hell knight
  7806 | D        | Received a gift from Trog
  7869 | D        | Noticed a lich
  7880 | D        | Killed a lich
  8049 | D        | Noticed a sphinx
  8049 | D        | Noticed a sphinx
  8061 | D        | Killed a sphinx
  8061 | D        | Reached XP level 15. HP: 110/126 MP: 15/15
  8069 | D        | Noticed a guardian mummy
  8072 | D        | Killed a sphinx
  8077 | D        | Killed a guardian mummy
  8214 | D        | Noticed a guardian mummy
  8215 | D        | Noticed a mummy priest
  8221 | D        | Killed a mummy priest
  8224 | D        | Killed a guardian mummy
  8225 | D        | Noticed a mummy priest
  8239 | D        | Killed a mummy priest
  8470 | D        | Noticed a deep elf knight
  8470 | D        | Noticed a deep elf summoner
  8470 | D        | Noticed a deep elf conjurer
  8470 | D        | Noticed a deep elf knight
  8470 | D        | Noticed a deep elf priest
  8485 | D        | Killed a deep elf summoner
  8485 | D        | Received a gift from Trog
  8491 | D        | Killed a deep elf knight
  8491 | D        | Received a gift from Trog
  8497 | D        | Killed a deep elf knight
  8499 | D        | Killed a deep elf priest
  8505 | D        | Killed a deep elf conjurer
  8505 | D        | Reached skill level 22 in Shields
  8519 | D        | Noticed a deep elf demonologist
  8519 | D        | Noticed a deep elf death mage
  8520 | D        | Noticed a deep elf annihilator
  8522 | D        | Noticed a deep elf demonologist
  8523 | D        | Noticed a deep elf blademaster
  8524 | D        | Noticed a deep elf high priest
  8524 | D        | Noticed a deep elf demonologist
  8687 | D        | Noticed a water elementalist statue
  8687 | D        | Noticed an air elementalist statue
  8696 | D        | Killed a water elementalist statue
  8702 | D        | Killed an air elementalist statue
  8711 | D        | Killed an earth elementalist statue
  8719 | D        | Killed a fire elementalist statue
  8733 | D        | Noticed Mara
  8734 | D        | Noticed a vampire knight
  8736 | D        | Noticed a molten gargoyle
  8736 | D        | Noticed a vampire knight
  8747 | D        | Paralysed by something for 6 turns
  8748 | D        | Noticed nuthulu's illusion
  8755 | D        | Killed a molten gargoyle
  8766 | D        | HP: 5/190 [nuthulu's illusion[Mara] (13)]
  8767 | D        | HP: 1/190 [something (2)]
  8772 | D        | Mangled by a vampire knight

Vault maps used:
D:        dungeon_sprint_mu

Action                   |  1- 3 |  4- 6 |  7- 9 | 10-12 | 13-15 || total
-------------------------+-------+-------+-------+-------+-------++-------
Melee: Flail             |    42 |    20 |   171 |    50 |    22 ||   305
       Morningstar       |       |       |       |   124 |       ||   124
       Eveningstar       |       |       |       |   313 |   513 ||   826
       Whip              |       |       |       |       |   115 ||   115
       Mace              |       |       |       |       |    17 ||    17
Invok: Berserk           |       |     2 |     3 |     6 |     3 ||    14
       Burn Spellbooks   |       |     2 |       |       |       ||     2
       Trog's Hand       |       |       |     6 |    16 |    22 ||    44
       Brothers in Arms  |       |       |     1 |     4 |     3 ||     8
 Abil: Fly               |       |       |       |     1 |       ||     1
  Use: Potion            |     7 |     1 |       |     3 |     2 ||    13
       Scroll            |     2 |       |       |     1 |    10 ||    13
 Stab: Held in net/web   |       |       |     1 |       |     3 ||     4
       Confused          |       |       |       |     1 |       ||     1
       Distracted        |       |       |       |     1 |       ||     1
  Eat: Chunk             |       |     1 |     2 |     8 |     4 ||    15
       Meat ration       |       |     1 |       |       |       ||     1
       Royal jelly       |       |       |     1 |     3 |     8 ||    12
       Bread ration      |       |       |     1 |       |       ||     1
       Fruit             |       |       |       |       |     1 ||     1
